 Dungeon Crawl Stone Soup version 0.28-a0-479-g5baa6b73be (webtiles) character file.

Game seed: 18237497855636089012

214 speeev33 the Bolt Thrower (level 5, -9/33 HPs)
             Began as a Gargoyle Hunter on Sept 19, 2021.
             Splashed by a jelly's acid (12 damage)
             ... on level 4 of the Dungeon.
             The game lasted 00:04:57 (2790 turns).

speeev33 the Bolt Thrower (Gargoyle Hunter)         Turns: 2790, Time: 00:04:58

Health: -9/33      AC: -3    Str: 16    XL:     5   Next: 92%
Magic:  5/5        EV: 10    Int: 12    God:
Gold:   71         SH:  5    Dex: 10    Spells: 4/4 levels left

rFire   . . .      SeeInvis .   b - +0 short sword
rCold   . . .      Faith    .   (no shield)
rNeg    + . .      Spirit   .   o - +0 ring mail
rPois   ∞          Reflect  +   (no helmet)
rElec   +          Harm     .   (no cloak)
rCorr   .          Rampage  .   (no gloves)
Will    .....                   (no boots)
Stlth   ++........              l - amulet of reflection
HPRegen 0.11/turn               (no ring)
MPRegen 0.09/turn               (no ring)

@: corroded
A: sickness immunity, AC +4, negative energy resistance 1, electricity
resistance, torment resistance 1, petrification resistance
a: no special abilities


You were on level 4 of the Dungeon.
You visited 1 branch of the dungeon, and saw 4 of its levels.

You collected 71 gold pieces.

Inventory:

Hand Weapons
 a - a +1 hand crossbow
 b - a +0 short sword (weapon)
Armour
 o - a +0 ring mail (worn)
Jewellery
 l - an amulet of reflection (around neck)
Scrolls
 g - 4 scrolls of teleportation
 h - a scroll of amnesia
Potions
 e - 3 potions of curing
 f - 2 potions of magic
 i - a potion of berserk rage
 j - a potion of mutation
 k - a potion of degeneration {unknown}
 m - a potion of brilliance {unknown}
 n - a potion of flight {unknown}


   Skills:
 + Level 4.1 Fighting
 + Level 5.1 Crossbows
 - Level 1.5 Dodging
 + Level 3.8 Stealth


You had 4 spell levels left.
You didn't know any spells.
Your spell library was empty.

Dungeon Overview and Level Annotations

Branches:
Dungeon (4/15)
 Temple: D:4-7

Altars:
Uskayaw


Innate Abilities, Weirdness & Mutations

You are immune to sickness and miasma.
Your stone body is resilient. (AC +4)
You are immune to poison.
You resist negative energy. (rN+)
You are resistant to electric shocks. (rElec)
You are resistant to unholy torment.
You are immune to petrification.


Message History

You block the jelly's attack.
You completely miss the jelly.
The jelly is heavily wounded.
You block the jelly's attack.
You hit the jelly.
Your hands burn!
The jelly is heavily wounded.
The jelly barely misses you.
You are too injured to fight recklessly!
You are too injured to fight recklessly!
You barely miss the jelly.
The jelly is heavily wounded.
The jelly closely misses you.
You hit the jelly but do no damage.
Your hands burn!
The jelly is heavily wounded.
The jelly closely misses you.
You hit the jelly but do no damage.
Your hands burn!
The jelly is heavily wounded.
The jelly hits you but does no damage. x2
You hit the jelly but do no damage. The acid corrodes you!
Your hands burn!
The jelly is heavily wounded.
You block the jelly's attack.
You hit the jelly.
Your hands burn!
The jelly is severely wounded.
The jelly closely misses you.
You hit the jelly but do no damage.
Your hands burn!
The jelly is severely wounded.
The jelly barely misses you.
You hit the jelly but do no damage. The acid corrodes you!
Your hands burn!
The jelly is severely wounded.
The jelly barely misses you.
You hit the jelly but do no damage.
Your hands burn!
The jelly is severely wounded.
You block the jelly's attack.
You hit the jelly but do no damage.
Your hands burn!
* * * LOW HITPOINT WARNING * * *
The jelly is severely wounded.
The jelly hits you.
* * * LOW HITPOINT WARNING * * *
The acid corrodes you!
You are splashed with acid!
You die...

# #. ### #.
#.######
####.##>#....#
.#.....#.<.#
....(..#@.##
#(...(([J##
#.....(..(......
##.....#.##.....
.#..####.. ####
.## ####


You could see a jelly.

Vanquished Creatures
  A hound (D:3)
  An iguana (D:2)
  3 orc wizards
  An adder (D:2)
  An ufetubus (D:2)
  A worm (D:2)
  2 dart slugs
  9 orcs
  4 endoplasms
  2 giant cockroaches (D:1)
  3 goblins
  9 hobgoblins
  2 quokkas
  A ball python (D:1)
  5 bats
  A frilled lizard (D:3)
  8 kobolds
  2 rats
56 creatures vanquished.

Notes
Turn   | Place    | Note
-------+----------+-------------------------------------------
     0 | D:1      | speeev33 the Gargoyle Hunter began the quest for the Orb.
     0 | D:1      | Reached XP level 1. HP: 12/12 MP: 1/1
    90 | D:1      | Reached XP level 2. HP: 16/18 MP: 2/2
   748 | D:2      | Found a hide-covered altar of Uskayaw.
   782 | D:2      | Reached XP level 3. HP: 23/23 MP: 3/3
   809 | D:2      | Reached XP level 4. HP: 23/28 MP: 4/4
  1334 | D:2      | Reached XP level 5. HP: 18/32 MP: 5/5
  1796 | D:3      | Reached skill level 5 in Crossbows
  2457 | D:3      | HP: 1/33 [scorpion (2)]
  2790 | D:4      | Splashed by a jelly's acid

Illustrated notes

Levels and vault maps discovered:
D:1:      sevenhm_arrival_forest_fort_small_3, layout_basic
D:2:      layout_rooms, basic_altar, item_on_display_a
D:3:      layout_loops_ring, minivault_24, kennysheep_another_room
D:4:      layout_rooms, okawaru_gym_becter, minmay_overflow_temple_star_hex,
          mainiacjoe_overflow_24_doors, minmay_temple_entry_slanted,
          portal_sewer_entry_b, supply_closet_lemuel

Skill      XL: |  1  2  3  4  5 |
---------------+----------------+-----
Stealth        | 2 3 |  3.8
Fighting       | 3 4 |  4.1
Crossbows      | 5 |  5.1
Dodging        | |  1.5

Action                   |  1- 3 |  4- 6 || total
-------------------------+-------+-------++-------
Melee: Short sword       |       |    44 ||    44
 Fire: Hand crossbow     |    45 |    98 ||   143
  Use: Scroll            |       |     7 ||     7
Armor: Leather armour    |     1 |    35 ||    36
       Ring mail         |       |     3 ||     3
Dodge: Dodged            |     5 |    37 ||    42
Block: Other             |       |    29 ||    29
       Reflection        |       |     1 ||     1

Table legend: (Time is in decaauts)
 A = Elapsed time spent in this place.
 B = Non-inter-level travel time spent in this place.
 C = Inter-level travel time spent in this place.
 D = Time resting spent in this place.
 E = Time spent auto-exploring this place.
 F = Levels seen in this place.
 G = Mean time per level.
                   A        B        C        D        E       F      G
               +--------+--------+--------+--------+--------+-----+--------+
         Total |   2829 |   2759 |     70 |    537 |   1746 |   4 |  707.2 |
       Dungeon |   2829 |   2759 |     70 |    537 |   1746 |   4 |  707.2 |
               +--------+--------+--------+--------+--------+-----+--------+

Top non-repeatable levels by time:
     D:3: 1186 daAuts
     D:2: 833 daAuts
     D:1: 733 daAuts
     D:4: 75 daAuts
